 Dungeon Crawl Stone Soup version 0.30-a0-311-gf115ab0292 (webtiles) character file.

Game seed: 10400467153340715699

3466 MrRokkomies the Trooper (level 9, 0/84 HPs)
             Began as an Armataur Gladiator on Oct 24, 2022.
             Was a High Priest of Zin.
             Killed by divine providence
             ... invoked by an orc priest
             ... summoned by a goblin
              (10 damage)
             ... in a bailey on Oct 25, 2022.
             The game lasted 00:15:49 (5247 turns).

MrRokkomies the Trooper (Armataur Gladiator)        Turns: 5247, Time: 00:15:50

Health: 0/84       AC: 11    Str: 33    XL:     9   Next: 78%
Magic:  4/4        EV: 11    Int:  9    God:    Zin [*****.]
Gold:   148        SH:  0    Dex: 11    Spells: 8/8 levels left

rFire   . . .      SeeInvis .    a - +10 mace of Parts Unknown {antimagic, rN+ Str+3}
rCold   . . .      Faith    .    (no shield)
rNeg    + + +      Spirit   .    m - +3 leather armour {rN+}
rPois   .          Reflect  .    c - +0 helmet
rElec   .          Harm     .    g - +1 cloak
rCorr   .          Roll     +    (no gloves)
Will    .....                    (no barding)
Stlth   +.........               (no amulet)
HPRegen 0.34/turn                E - +6 ring of strength
MPRegen 0.09/turn                w - ring of positive energy

@: lethally poisoned (0 -> -5), about to teleport
A: large, rugged brown scales 3, deformed body, armoured tail, roll, long
tongue, awkward tongue
a: Renounce Religion, Recite, Vitalisation, Imprison, Sanctuary, Donate Gold


You were in a bailey.
You worshipped Zin.
Zin was extremely pleased with you.
You visited 1 branch of the dungeon, and saw 7 of its levels.
You also visited: Bailey.

You collected 459 gold pieces.
You spent 266 gold pieces at shops.
You donated 45 gold pieces to Zin.

Inventory:

Hand Weapons
 a - the +10 mace of Parts Unknown (weapon) {antimagic, rN+ Str+3}
   (You found it on level 2 of the Dungeon)

   It reduces the magical energy of the wielder, and disrupts the spells and
   magical abilities of those it strikes.
   Natural abilities and divine invocations are not affected.
   Str:       It affects your strength (+3).
   rN:        It protects you from negative energy.
 b - a +2 great mace of flaming
 p - a +1 quarterstaff of freezing
Missiles
 d - 3 throwing nets
 r - a curare-tipped dart
 t - 30 boomerangs (quivered)
Armour
 c - a +0 helmet (worn)
 g - a +1 cloak (worn)
 m - a +3 leather armour of positive energy (worn)
Jewellery
 f - a +6 ring of dexterity
 v - the ring "Sochoulu" {Ice rElec}
   (You took it off Sigmund on level 5 of the Dungeon)

   [ring of ice]

   It enhances your ice magic.
   rF:        It makes you vulnerable to fire.
   rC:        It protects you from cold.
   rElec:     It insulates you from electricity.
 w - a ring of positive energy (right hand)
 E - a +6 ring of strength (left hand)
 G - a +6 ring of dexterity
Wands
 i - a wand of roots (9)
 s - a wand of flame (10)
Scrolls
 q - 2 scrolls of enchant armour
 x - 2 scrolls of identify
 y - a scroll of amnesia
Potions
 h - 2 potions of haste
 j - 2 potions of curing
 k - a potion of attraction
 l - a potion of lignification {unknown}
 n - 3 potions of might {unknown}
 o - 2 potions of resistance {unknown}
 A - a potion of ambrosia {unknown}
 B - 3 potions of heal wounds {unknown}
 C - 2 potions of invisibility {unknown}
 H - a potion of flight {unknown}


   Skills:
 * Level 7.1 Fighting
 * Level 6.4(6.9) Maces & Flails
 - Level 3.3(5.3) Staves
 - Level 1.7 Throwing
 + Level 6.2 Armour
 + Level 4.6 Dodging
 + Level 4.7 Invocations


You had 8 spell levels left.
You didn't know any spells.
Your spell library contained the following spells:

 Spells                   Type           Power      Damage    Failure   Level
 Blink                    Tloc           0%         N/A       54%         2
 Ensorcelled Hibernation  Hex/Ice        0%         N/A       54%         2
 Momentum Strike          Conj/Tloc      0%         3d8       54%         2
 Gell's Gravitas          Tloc           0%         N/A       78%         3
 Lesser Beckoning         Tloc           0%         N/A       78%         3
 Spider Form              Tmut/Pois      0%         N/A       78%         3
 Teleport Other           Tloc           0%         N/A       78%         3
 Anguish                  Hex/Necr       0%         N/A       99%         4
 Dispersal                Tloc           0%         N/A       100%        6


Dungeon Overview and Level Annotations

Branches:
Dungeon (7/15)             Bailey (1/1)
 Temple: D:4-7

Altars:
Cheibriados
Elyvilon
Qazlal
Sif Muna
Wu Jian
Zin
The Shining One

Shops:
D:1 [   D:5 (


Innate Abilities, Weirdness & Mutations

You are completely covered in rugged brown scales. (AC +3, +7% HP)
Armour fits poorly on your strangely shaped body.
You have a long armoured tail.
You roll when moving toward enemies. (Rampage)
Your long tongue fully drains potion bottles. (2x potion effects)
Your tongue gives you trouble enunciating. (1.5x scroll delay)


Message History

The orc's corpse dissolves into shadows!
The warg bites you. The orc barely misses you.
The warg bites you but does no damage. The orc warrior barely misses you.
Okay, then.
Unknown command.
Okay, then.
Unknown command.
Okay, then.
As you slowly read the scroll of teleportation, it crumbles to dust.
You feel strangely unstable. The warg closely misses you.
The orc hits you but does no damage. The orc barely misses you.
The gnoll hits you but does no damage. The orc warrior closely misses you.
The warg bites you but does no damage.
The orc shouts!
You hit the orc.
The orc is severely wounded.
The orc barely misses you. x2; The gnoll hits you but does no damage.
The orc priest calls down the wrath of Beogh upon you.
Beogh smites you! The orc warrior closely misses you.
The warg bites you but does no damage.
You hit the orc wizard.
The orc wizard's magic leaks into the air.
The orc wizard is moderately wounded.
The warg bites you!
* * * LOW HITPOINT WARNING * * *
The orc misses you. The orc closely misses you.
The gnoll hits you with a +0 whip.
* * * LOW HITPOINT WARNING * * *
The orc hits you with a +0 club.
* * * LOW HITPOINT WARNING * * *
The orc warrior hits you with a +0 scimitar!
* * * LOW HITPOINT WARNING * * *
The warg bites you but does no damage. The gnoll hits you with a +0 whip.
* * * LOW HITPOINT WARNING * * *
The orc hits you but does no damage.
The orc wizard hits you but does no damage.
You are poisoned.
The orc priest invokes the aid of Beogh against you.
Beogh smites you!
You die...

....8..8..#≈≈7 ##
#........#≈≈7
#~~~##......##≈≈7
...[~#.....##...7
...?~#g...##....7
.8.8##...)#.o.g.77
....#.....ooooo..7
...o#....ggooogo\7
....#..(.ogggo@..7
.8.8##..oo#..hoo77
...?~#....##.gg.7
...[~#.....##...7
#~~~##o.....##≈≈7
#######g.......#≈≈7
o.h.'....8..8..#≈≈7
~~~o#..........#≈≈7
~~~~#.........##≈≈7


You could see a warg (summoned), 3 orc warriors, an orc priest (summoned), 4 orc
wizards, 8 gnolls, 8 orcs and a goblin.

Vanquished Creatures
  An orc knight (Bailey)
  Pikel (D:6)
  Grinder (D:5)
  A yak (D:5)
  Sigmund (D:5)
  2 water moccasins (D:7)
  An orc warrior (D:5)
  2 ice beasts (D:6)
  2 ogres (D:5)
  3 phantoms
  A kobold brigand (D:5)
  4 scorpions
  3 necrophages (D:5)
  A howler monkey (D:6)
  3 jellies
  A gnoll bouda (D:4)
  4 hounds
  Natasha (thrice) (D:3)
  3 orc wizards (D:4)
  8 gnolls
  9 adders
  A shadow imp (D:3)
  2 white imps (D:5)
  A worm (D:2)
  8 dart slugs
  8 orcs
  4 ball pythons
  8 bats
  10 endoplasms
  9 giant cockroaches
  11 hobgoblins
  6 jackals (D:1)
  15 kobolds
  3 quokkas
  3 frilled lizards
  13 goblins
  9 rats
166 creatures vanquished.

Vanquished Creatures (others)
  16 plants (D:1)
16 creatures vanquished.

Grand Total: 182 creatures vanquished

Notes
Turn   | Place    | Note
-------+----------+-------------------------------------------
     0 | D:1      | MrRokkomies the Armataur Gladiator began the quest for the
                  | Orb.
     0 | D:1      | Reached XP level 1. HP: 18/18 MP: 1/1
    81 | D:1      | Found Xyoporul's Antique Armour Shop.
   136 | D:1      | Reached skill level 2 in Fighting
   140 | D:1      | Reached XP level 2. HP: 25/25 MP: 2/2
   289 | D:1      | Reached skill level 1 in Armour
   368 | D:1      | Reached XP level 3. HP: 29/32 MP: 3/3
   433 | D:1      | Found a faded altar of an unknown god.
   438 | D:1      | Prayed at the altar of an unknown god.
   438 | D:1      | Became a worshipper of Zin the Law-Giver
   438 | D:1      | Reached * piety under Zin
   746 | D:2      | Reached ** piety under Zin
   871 | D:2      | Reached XP level 4. HP: 27/39 MP: 4/4
   883 | D:2      | Identified the +10 mace of Parts Unknown {antimagic, rN+
                  | Str+3}
  1594 | D:1      | Bought a dyed leather armour for 105 gold pieces
  1667 | D:3      | Noticed Natasha
  1672 | D:3      | Killed Natasha
  1738 | D:3      | Reached skill level 3 in Fighting
  1738 | D:3      | Reached skill level 1 in Maces & Flails
  1782 | D:3      | Reached *** piety under Zin
  1797 | D:3      | Reached XP level 5. HP: 34/48 MP: 1/5
  2016 | D:3      | Noticed Natasha
  2034 | D:3      | Killed Natasha
  2178 | D:3      | Noticed Natasha
  2184 | D:3      | Killed Natasha
  2257 | D:4      | Found a white marble altar of Elyvilon.
  2258 | D:4      | Found a snail-covered altar of Cheibriados.
  2355 | D:4      | Found a glowing golden altar of the Shining One.
  2368 | D:4      | Reached XP level 6. HP: 49/54 MP: 2/6
  2400 | D:4      | Reached skill level 1 in Invocations
  2590 | D:4      | Reached **** piety under Zin
  2863 | D:4      | Reached skill level 4 in Fighting
  2990 | D:5      | Entered Level 5 of the Dungeon
  3001 | D:5      | Reached XP level 7. HP: 58/63 MP: 2/8
  3070 | D:5      | Noticed a yak
  3089 | D:5      | Upgraded the game from 0.30-a0-305-g026cb31310 to
                  | 0.30-a0-311-gf115ab0292
  3283 | D:5      | Noticed Grinder
  3283 | D:5      | Noticed Sigmund
  3303 | D:5      | Killed Grinder
  3304 | D:5      | Reached skill level 5 in Fighting
  3304 | D:5      | Reached XP level 8. HP: 67/72 MP: 2/10
  3314 | D:5      | Found Eninlig's Antique Weapon Boutique.
  3358 | D:5      | Identified the ring "Sochoulu" {Ice rElec}
  3367 | D:5      | Killed Sigmund
  3434 | D:5      | Reached skill level 5 in Maces & Flails
  3662 | D:5      | Reached skill level 5 in Armour
  3697 | D:5      | Reached skill level 6 in Fighting
  3708 | D:5      | Bought a runed great mace for 161 gold pieces
  4010 | D:5      | Reached ***** piety under Zin
  4016 | D:5      | Found an ornate altar of the Wu Jian Council.
  4149 | D:5      | Reached XP level 9. HP: 80/80 MP: 3/11
  4392 | D:6      | Noticed Pikel
  4404 | D:6      | Killed Pikel
  4591 | D:6      | Found a stormy altar of Qazlal.
  4905 | D:7      | Found a shimmering blue altar of Sif Muna.
  5033 | D:7      | Found a flagged portal.
  5083 | Bailey   | Entered a bailey
  5110 | Bailey   | Noticed an orc warlord
  5170 | Bailey   | Noticed an orc knight
  5188 | Bailey   | Killed an orc knight
  5189 | Bailey   | Reached skill level 7 in Fighting
  5216 | Bailey   | Noticed an orc knight
  5247 | Bailey   | Killed from afar by an orc priest

Illustrated notes

Levels and vault maps discovered:
D:1:      eino_arrival_druids_welcome, layout_rooms,
          shapermc_ecumenical_altar_hornbeckon, serial_shops, shop_fountains,
          serial_forest, infiniplex_forest_end_1, infiniplex_forest_end_3,
          infiniplex_forest_lined_1, infiniplex_forest_clump_diagonal,
          infiniplex_forest_lined_ring, infiniplex_forest_clump_diagonal,
          infiniplex_forest_zigzag_1, infiniplex_forest_clump_tiny,
          chequers_serial_rivers_room_b, minmay_heptomino_h4
D:2:      minmay_diamond_boxcup, layout_basic, nicolae_titane
D:3:      layout_rooms, st_stairs_13, uniq_natasha
D:4:      layout_basic, nicolae_tso_carved_into_rock,
          mainiacjoe_overflow_divided_tiny, corexii_leaking_fountain,
          columned_hall_lemuel, kennysheep_pointless_box
D:5:      cheibrodos_fzero, layout_basic, pdpol_wu_jian_five_deadly_venoms,
          serial_shops, kennysheep_mini_moat, minmay_crossroads, uniq_grinder,
          uniq_sigmund
D:6:      layout_basic, kennysheep_little_box, uniq_pikel
D:7:      layout_gridville, nicolae_uskayaw_murder_on_the_dancefloor,
          nicolae_gozag_seed_capital, old_standard_altar,
          nicolae_ashenzari_panopticon, minmay_temple_entry_drinking_statues,
          enter_bailey_5, minmay_misc_feat_columns, minmay_misc_feat_x,
          uniq_duvessa, uniq_crazy_yiuf_cottage, uniq_maggie
Bailey:   bailey_axe_bossmonster_kennysheep, bailey

Skill      XL: |  1  2  3  4  5  6  7  8  9 |
---------------+----------------------------+-----
Fighting       | 2 3 4 5 6 7 |  7.1
Staves         | 3 |  3.3
Armour         | 1 2 3 4 5 6 |  6.2
Maces & Flails | 1 2 4 5 6 |  6.4
Invocations    | 1 2 3 4 |  4.7
Dodging        | 3 4 |  4.6
Throwing       | |  1.7

Action                   |  1- 3 |  4- 6 |  7- 9 || total
-------------------------+-------+-------+-------++-------
Melee: Quarterstaff      |    86 |     7 |       ||    93
       Tailslap          |    11 |    11 |    27 ||    49
       Mace              |       |   111 |   196 ||   307
       Punch             |       |     1 |     1 ||     2
Throw: Boomerang         |       |       |     3 ||     3
       Javelin           |       |       |     1 ||     1
Invok: Recite            |       |       |     1 ||     1
  Use: Scroll            |       |    11 |     9 ||    20
       Potion            |       |       |     3 ||     3
 Stab: Sleeping          |       |     2 |     2 ||     4
Armor: Leather armour    |    37 |    50 |    89 ||   176
Dodge: Dodged            |    50 |    52 |   130 ||   232

Table legend: (Time is in decaauts)
 A = Elapsed time spent in this place.
 B = Non-inter-level travel time spent in this place.
 C = Inter-level travel time spent in this place.
 D = Time resting spent in this place.
 E = Time spent auto-exploring this place.
 F = Levels seen in this place.
 G = Mean time per level.
                   A        B        C        D        E       F      G
               +--------+--------+--------+--------+--------+-----+--------+
         Total |   5341 |   5068 |    273 |    455 |   3480 |   8 |  667.6 |
       Dungeon |   5174 |   4901 |    273 |    419 |   3465 |   7 |  739.1 |
        Bailey |    166 |    166 |      0 |     36 |     15 |   1 |  166.0 |
               +--------+--------+--------+--------+--------+-----+--------+

Top non-repeatable levels by time:
     D:4: 985 daAuts
     D:5: 970 daAuts
     D:2: 895 daAuts
     D:6: 763 daAuts
     D:1: 759 daAuts
     D:3: 598 daAuts
     D:7: 202 daAuts
  Bailey: 166 daAuts
